Map: 2000 Atmospheres LE

Players

goblin

  • Race: Protoss Protoss
  • League: Master

PtitDrogo - Winner!

  • Race: Protoss Protoss
  • League: Grandmaster

Event: DreamHack SC2 Masters 2021 Summer

VOD

Have the link to the VOD?

Description

Time

  • Played on: June 2, 2021, 9:40 a.m.
  • Length: 6:26

All games in this series

Show
View Real Time Build Order
Export as new Build Order

goblin Protoss 

Build Orders:  

Get SALT Encoding   

  12  0:00  Probe  
  13  0:12  Probe  
  14  0:17  Pylon  
  14  0:24  Probe (Chrono Boost)  
  15  0:36  Probe (Chrono Boost), Gateway  
  16  0:44  Probe (Chrono Boost)  
  16  0:46  Assimilator  
  17  0:51  Probe  
  17  0:54  Assimilator  
  18  1:03  Probe (Chrono Boost)  
  19  1:07  Gateway  
  19  1:13  Probe (Chrono Boost)  
  19  1:18  Probe (Chrono Boost)  
  20  1:23  Cybernetics Core  
  21  1:29  Probe  
  22  1:37  Pylon  
  22  1:41  Probe  
  23  1:55  Probe  
  23  2:00  Stalker x2, Warp Gate  
  28  2:10  Pylon  
  28  2:16  Robotics Facility  
  28  2:32  Stalker x2  
  32  2:46  Gateway  
  32  2:51  Pylon  
  32  2:57  Pylon  
  32  3:12  Immortal (Chrono Boost)  
  36  3:41  Warp Prism (Chrono Boost)  
  38  3:48  Stalker  
  38  3:49  Stalker  
  35  4:03  Probe  
  33  4:16  Probe (Chrono Boost)  
  32  4:21  Sentry x2  
  36  4:27  Probe (Chrono Boost)  
  35  4:32  Probe (Chrono Boost)  
  36  4:42  Probe  
  37  4:54  Probe  
  37  4:58  Observer  
  39  5:10  Nexus  
  39  5:22  Stargate  
  39  5:23  Probe  
  40  5:40  Pylon  
  40  5:47  Pylon  
  40  6:05  Probe  
Show
View Real Time Build Order
Export as new Build Order

PtitDrogo Protoss - Winner!

Build Orders:  

Get SALT Encoding   

  12  0:00  Probe  
  13  0:12  Probe  
  14  0:17  Pylon  
  14  0:24  Probe (Chrono Boost)  
  15  0:36  Probe (Chrono Boost)  
  15  0:38  Gateway  
  16  0:45  Probe (Chrono Boost)  
  16  0:46  Assimilator  
  17  0:51  Probe  
  18  0:57  Assimilator  
  18  1:03  Probe (Chrono Boost)  
  19  1:08  Gateway  
  19  1:13  Probe (Chrono Boost)  
  19  1:18  Probe (Chrono Boost)  
  21  1:26  Cybernetics Core  
  21  1:29  Probe  
  22  1:38  Pylon  
  22  1:41  Probe  
  23  1:58  Probe  
  23  2:00  Warp Gate (Chrono Boost)  
  24  2:02  Stalker x2  
  28  2:17  Pylon  
  28  2:32  Stalker  
  28  2:35  Stalker  
  32  2:47  Robotics Facility  
  32  3:02  Stalker  
  32  3:05  Stalker  
  36  3:06  Pylon  
  35  3:25  Pylon, Shield Battery  
  35  3:31  Immortal (Chrono Boost)  
  39  3:37  Gateway  
  39  3:43  Sentry  
  39  3:44  Stalker  
  41  4:03  Immortal (Chrono Boost)  
  39  4:20  Adept x2  
  43  4:32  Adept  
  43  4:34  Pylon  
  45  4:43  Warp Prism  
  47  4:55  Stargate  
  47  5:02  Adept  
  49  5:09  Adept  
  49  5:13  Pylon  
  51  5:20  Observer  
  54  5:45  Nexus  
  52  5:51  Phoenix  
  52  5:52  Probe  
  55  5:59  Pylon  
  55  6:05  Probe  
Tags
 
Add a new tag
Caveats
  • Supply blocks, unpowered buildings, or Contaminate may cause inaccurate times.
  • Supply counts are checked every 10 seconds.